 Dungeon Crawl Stone Soup version 0.30.1-11-g7821555f0a (webtiles) character file.

Game seed: 9870566509295150798

10262 hawla the Thaumaturge (level 11, -10/73 HPs)
             Began as a Demonspawn Fire Elementalist on Jan 5, 2024.
             Was a Believer of Vehumet.
             Mangled by an emperor scorpion (16 damage)
             ... on level 1 of the Spider Nest.
             The game lasted 00:34:52 (11270 turns).

hawla the Thaumaturge (DsFE)                       Turns: 11270, Time: 00:34:53

Health: -10/73     AC:  5    Str: 16    XL:     11   Next: 33%
Magic:  6/23       EV: 13    Int: 20    God:    Vehumet [**....]
Gold:   407        SH:  0    Dex: 12    Spells: 13/27 levels left

rFire   + . .        r - +3 trident "Hydrabane" {drain, rPois Str+7 Dex-5}
rCold   . . .        (no shield)
rNeg    . . .        a - +2 robe
rPois   +            (helmet restricted)
rElec   .            H - +0 cloak {rCorr}
rCorr   +            (no gloves)
SInv    .            (no boots)
Will    .....        h - amulet of magic regeneration
Stlth   +++          i - ring of flight
HPRegen 0.32/turn    j - ring of Wofirch {rF+ rCorr Dex+3}
MPRegen 0.58/turn

%: no passive effects
@: lethally poisoned (-10 -> -38), about to teleport, flying
A: antennae 1, spiny 1, demonic magic 2, weakness stinger 2, demonic touch 1
a: Renounce Religion


You were on level 1 of the Spider Nest.
You worshipped Vehumet.
Vehumet was pleased with you.
You visited 4 branches of the dungeon, and saw 12 of its levels.

You collected 1430 gold pieces.
You spent 1023 gold pieces at shops.

Inventory:

Hand Weapons
 m - a +0 long sword of flaming
 r - the +3 trident "Hydrabane" (weapon) {drain, rPois Str+7 Dex-5}
   (You took it off a spriggan rider on level 2 of the Lair of Beasts)

   Str:       It affects your strength (+7).
   Dex:       It affects your dexterity (-5).
   rPois:     It protects you from poison.
 s - a +2 dagger of venom
Armour
 a - a +2 robe (worn)
 H - a +0 cloak of preservation (worn)
Magical Staves
 C - a staff of cold
Jewellery
 h - an amulet of magic regeneration (around neck)
 i - a ring of flight (left hand)
 j - the ring of Wofirch (right hand) {rF+ rCorr Dex+3}
   (You bought it in a shop on level 4 of the Dungeon)

   [ring of resist corrosion]

   Dex:       It affects your dexterity (+3).
   rF:        It protects you from fire.
   rCorr:     It protects you from acid and corrosion.
 n - a ring of wizardry
Wands
 c - a wand of polymorph (6)
 q - a wand of roots (9) (quivered)
 y - a wand of light (2)
 A - a wand of flame (19)
 I - a wand of digging (7)
Scrolls
 e - 3 scrolls of magic mapping
 k - a scroll of teleportation
 o - a scroll of fog
 p - 4 scrolls of noise
 t - a scroll of poison
 u - a scroll of identify
 z - 2 scrolls of blinking
 B - a scroll of enchant weapon
 G - a scroll of amnesia
Potions
 b - a potion of magic
 d - 7 potions of curing
 f - 2 potions of haste
 g - 4 potions of flight
 l - 2 potions of brilliance
 w - 3 potions of lignification
 x - 3 potions of resistance
 D - 3 potions of attraction {unknown}
 E - a potion of berserk rage {unknown}
 F - a potion of invisibility {unknown}


   Skills:
 + Level 2.4 Fighting
 + Level 2.5 Short Blades
 - Level 0.3(1.5) Long Blades
 + Level 4.0 Dodging
 - Level 4.8 Stealth
 + Level 8.6 Spellcasting
 + Level 7.1 Conjurations
 + Level 6.2 Translocations
 + Level 7.5 Fire Magic
 + Level 3.2 Ice Magic
 + Level 3.6 Evocations


You had 13 spell levels left.
You knew the following spells:

 Your Spells              Type           Power      Damage    Failure   Level
a - Foxfire               Conj/Fire      100%       2x1d9     1%          1
b - Scorch                Fire           76%        2d8       1%          2
c - Hailstorm             Conj/Ice       29%        3d8       2%          3
d - Flame Wave            Conj/Fire      37%        2d10      4%          4
e - Iskenderun's Mystic   Conj/Tloc      35%        2d8       4%          4

Your spell library contained the following spells:

 Spells                   Type           Power      Damage    Failure   Level
 Poisonous Vapours        Pois/Air       16%        N/A       12%         2
 Apportation              Tloc           66%        N/A       1%          1
 Freeze                   Ice            84%        1d9       1%          1
 Shock                    Conj/Air       88%        1d8       1%          1
 Volatile Blastmotes      Fire/Tloc      72%        2d16      1%          3
 Inner Flame              Hex/Fire       23%        N/A       4%          3
 Dazzling Flash           Conj/Hex       44%        N/A       5%          3
 Frozen Ramparts          Ice            42%        1d7       6%          3
 Swiftness                Air            8%         N/A       24%         3
 Starburst                Conj/Fire      18%        6d7       52%         6
 Airstrike                Air            4%         2d(1-17)  63%         4
 Alistair's Intoxication  Tmut/Pois      5%         N/A       92%         5


Dungeon Overview and Level Annotations

Branches:
Dungeon (8/15)             Temple (1/1) D:6            Lair (2/5) D:8
 Spider (1/4) Lair:2
  Swamp: Lair:2-3    Shoals: Lair:2-3

Altars:
Ashenzari
Cheibriados
Dithmenos
Fedhas
Gozag
Hepliaklqana
Kikubaaqudgha
Makhleb
Nemelex Xobeh
Okawaru
Qazlal
Ru
Sif Muna
Trog
Uskayaw
Vehumet
Wu Jian
Xom
Yredelemnul

Shops:
D:3 (   D:4 !=   D:8 (

Annotations:
Lair:2 laqueoix's ghost, journeyman MiFi


Innate Abilities, Weirdness & Mutations

You have a pair of small antennae on your head.
You are partially covered in sharp spines.
Spells you cast may paralyse nearby enemies.
You have a tail ending in a sharp stinger.
Your touch may inflict minor irresistible damage on your foes.


Message History

The emperor scorpion is moderately wounded.
The flame wave engulfs the tarantella!
The tarantella is almost dead.
The flame wave engulfs the wolf spider!
The wolf spider is heavily wounded.
The flame wave engulfs the redback!
The redback is heavily wounded.
The flame wave engulfs the culicivora!
The culicivora is heavily wounded.
The flame wave engulfs the tarantella!
The tarantella is moderately wounded.
You finish channelling waves of flame.
You hear a hideous shriek!
The wolf spider is healed somewhat.
The tarantella is struck by your spines.
The tarantella touches you!
Unknown command.
The helpless emperor scorpion fails to defend itself.
You hit the emperor scorpion but do no damage.
You drain the emperor scorpion.
The emperor scorpion is moderately wounded.
The emperor scorpion is no longer paralysed.
The tarantella touches you but does no damage.
The jumping spider leaps!
The emperor scorpion stings you!
The emperor scorpion claws you but does no damage. x2
The tarantella is struck by your spines.
You kill the tarantella!
Vehumet accepts your kill.
You feel your power returning. The emperor scorpion stings you!!
* * * LOW HITPOINT WARNING * * *
You are lethally poisoned!
The emperor scorpion poisons you! The emperor scorpion misses you.
The emperor scorpion claws you.
* * * LOW HITPOINT WARNING * * *
As you read the scroll of teleportation, it crumbles to dust.
You feel strangely unstable.
* * * LOW HITPOINT WARNING * * *
You feel extremely sick. The emperor scorpion stings you!
You die...

####
#s@#
#...ss##
##.†ss
.......
...s...
..##...
. ....
.....


You could see an emperor scorpion (drained), a wolf spider, a culicivora, a
jumping spider, a tarantella and a redback.

Vanquished Creatures
  Maurice (D:8)
  3 cane toads
  Maggie (D:7)
  4 komodo dragons
  2 tarantellas (Spider:1)
  A hornet (Lair:2)
  A polar bear (Lair:1)
  Prince Ribbit (D:5)
  A jumping spider (Spider:1)
  2 spriggans (Lair:2)
  10 yaks (Lair:2)
  A steam dragon (D:7)
  2 basilisks (Lair:1)
  3 redbacks (Spider:1)
  7 water moccasins
  An orc warrior (D:8)
  3 ice beasts
  A boggart (Lair:2)
  3 ogres
  A wolf (Lair:2)
  A centaur (D:7)
  3 phantoms
  Blork the orc (D:6)
  A kobold brigand (D:8)
  4 bullfrogs
  13 scorpions
  4 killer bees (D:6)
  5 howler monkeys
  A hound (D:6)
  2 jellies
  3 orc priests
  4 iguanas
  6 orc wizards
  5 hell rats (Lair:1)
  4 gnolls (D:4)
  6 adders
  10 river rats (D:6)
  A shadow imp (D:6)
  An ufetubus (D:7)
  A worm (D:4)
  A dart slug (D:3)
  15 orcs
  8 endoplasms
  2 giant cockroaches
  5 goblins
  6 hobgoblins
  8 jackals
  4 quokkas
  6 ball pythons
  2 bats
  4 frilled lizards
  15 kobolds
  14 rats
215 creatures vanquished.

Vanquished Creatures (others)
  243 foxfires
243 creatures vanquished.

Grand Total: 458 creatures vanquished

Notes
Turn   | Place    | Note
-------+----------+-------------------------------------------
     0 | D:1      | hawla the Demonspawn Fire Elementalist began the quest for
                  | the Orb.
     0 | D:1      | Reached XP level 1. HP: 13/13 MP: 3/3
   797 | D:2      | Gained mutation: Spells you cast may paralyse adjacent
                  | enemies. [demonic ancestry]
   797 | D:2      | Reached XP level 2. HP: 19/19 MP: 3/5
  1054 | D:2      | Learned a level 2 spell: Scorch
  1475 | D:2      | You fall into a shaft and drop 1 floor!
  1502 | D:3      | Reached XP level 3. HP: 24/24 MP: 3/6
  1598 | D:3      | Found Dokurghy's Weapon Shoppe.
  1654 | D:3      | Found a shadowy altar of Dithmenos.
  1735 | D:3      | Found a sacrificial altar of Ru.
  2520 | D:4      | Found Ikacacvi's Jewellery Shop.
  2532 | D:4      | Reached XP level 4. HP: 16/31 MP: 8/8
  2536 | D:4      | Learned a level 3 spell: Hailstorm
  2646 | D:4      | Identified the +0 leather armour of a bailey {rPois rN+
                  | Str+3 Int-5}
  2654 | D:4      | Found a broken altar of Ashenzari.
  2684 | D:4      | Found an iron altar of Okawaru.
  2770 | D:4      | Noticed a scorpion
  2775 | D:4      | Killed a scorpion
  2776 | D:4      | Reached skill level 1 in Ice Magic
  2776 | D:4      | Reached skill level 3 in Spellcasting
  2776 | D:4      | Gained mutation: You are partially covered in sharp spines.
                  | [demonic ancestry]
  2776 | D:4      | Reached XP level 5. HP: 35/36 MP: 4/9
  2854 | D:4      | Noticed a phantom
  2858 | D:4      | Killed a phantom
  2944 | D:4      | Learned a level 4 spell: Flame Wave
  3038 | D:4      | Discovered your monstrous ancestry.
  3038 | D:4      | Gained mutation: You have a small tail. [demonic ancestry]
  3038 | D:4      | Reached XP level 6. HP: 20/42 MP: 0/11
  3173 | D:4      | Noticed an ice beast
  3179 | D:4      | Killed an ice beast
  3279 | D:4      | Reached skill level 1 in Evocations
  3469 | D:4      | Found an ornate altar of the Wu Jian Council.
  3837 | D:4      | Found Kayruja's Distillery.
  3845 | D:4      | Bought a potion of flight for 30 gold pieces
  3845 | D:4      | Bought a potion of brilliance for 40 gold pieces
  3845 | D:4      | Bought a potion of degeneration for 10 gold pieces
  3845 | D:4      | Bought a potion of flight for 30 gold pieces
  3845 | D:4      | Bought a potion of curing for 30 gold pieces
  3845 | D:4      | Bought a potion of ambrosia for 80 gold pieces
  3845 | D:4      | Bought a potion of lignification for 30 gold pieces
  3924 | D:5      | Entered Level 5 of the Dungeon
  3928 | D:5      | Gained mutation: You have a tail ending in a sharp stinger.
                  | [demonic ancestry]
  3928 | D:5      | Reached XP level 7. HP: 47/47 MP: 5/12
  4392 | D:5      | Reached skill level 1 in Short Blades
  4395 | D:5      | Reached skill level 4 in Spellcasting
  4401 | D:5      | Reached skill level 1 in Fighting
  4401 | D:5      | Gained mutation: You have a pair of small antennae on your
                  | head. [demonic ancestry]
  4401 | D:5      | Reached XP level 8. HP: 54/54 MP: 0/14
  4639 | D:5      | Noticed Prince Ribbit
  4646 | D:5      | Killed Prince Ribbit
  4902 | D:6      | Noticed Blork the orc
  4910 | D:6      | Killed Blork the orc
  5034 | D:6      | Found a blossoming altar of Fedhas.
  5035 | D:6      | Found an opulent altar of Gozag.
  5053 | D:6      | Found a staircase to the Ecumenical Temple.
  5072 | D:6      | Reached skill level 5 in Fire Magic
  5095 | Temple   | Entered the Ecumenical Temple
  5330 | D:6      | Reached skill level 5 in Spellcasting
  5504 | D:6      | Found a hazy altar of Hepliaklqana.
  5910 | D:6      | Found a radiant altar of Vehumet.
  5961 | D:6      | Gained mutation: Your touch may inflict minor irresistible
                  | damage on your foes. [demonic ancestry]
  5961 | D:6      | Reached XP level 9. HP: 60/60 MP: 11/16
  5973 | D:6      | Became a worshipper of Vehumet
  6128 | D:6      | Identified a scroll of acquirement
  6128 | D:6      | Acquired 858 gold pieces
  6172 | D:4      | Bought an amulet of magic regeneration for 330 gold pieces
  6172 | D:4      | Bought the ring of Wofirch {rF+ rCorr Dex+3} for 443 gold
                  | pieces
  6259 | D:7      | Noticed Maggie
  6260 | D:7      | Reached skill level 5 in Conjurations
  6273 | D:7      | Killed Maggie
  6453 | D:7      | Found a bloodstained altar of Trog.
  6660 | D:7      | Reached skill level 6 in Spellcasting
  6720 | D:7      | Learned a level 4 spell: Iskenderun's Mystic Blast
  6847 | D:7      | Reached skill level 1 in Translocations
  6974 | D:7      | Found a shimmering altar of Xom.
  7513 | D:8      | Found a staircase to the Lair.
  7514 | D:8      | Noticed a komodo dragon
  7574 | D:8      | Noticed Maurice
  7929 | D:8      | Found Cips's Weapon Boutique.
  7941 | D:8      | Reached * piety under Vehumet
  7941 | D:8      | Offered knowledge of Magic Dart by Vehumet.
  8170 | D:8      | Killed Maurice
  8354 | D:8      | Killed a komodo dragon
  8355 | D:8      | Reached skill level 5 in Translocations
  8506 | Lair:1   | Entered Level 1 of the Lair of Beasts
  8536 | Lair:1   | Noticed a komodo dragon
  8543 | Lair:1   | Killed a komodo dragon
  8544 | Lair:1   | Reached XP level 10. HP: 67/67 MP: 9/19
  8649 | Lair:1   | Noticed a cane toad
  8667 | Lair:1   | Killed a cane toad
  9459 | Lair:1   | Reached skill level 7 in Spellcasting
  9938 | Lair:2   | Noticed a cane toad
  9946 | Lair:2   | Killed a cane toad
 10159 | Lair:2   | Noticed a cane toad
 10171 | Lair:2   | Killed a cane toad
 10188 | Lair:2   | Reached ** piety under Vehumet
 10188 | Lair:2   | Offered knowledge of Poisonous Vapours by Vehumet.
 10194 | Lair:2   | Reached skill level 8 in Spellcasting
 10214 | Lair:2   | Gained mutation: Spells you cast may paralyse nearby
                  | enemies. [demonic ancestry]
 10214 | Lair:2   | Reached XP level 11. HP: 55/73 MP: 9/23
 10295 | Lair:2   | Found a hole to the Spider Nest.
 10436 | Lair:2   | Found a runed translucent door.
 10442 | Lair:2   | Noticed laqueoix's ghost (journeyman MiFi)
 10443 | Lair:2   | Identified the +3 trident "Hydrabane" {drain, rPois Str+7
                  | Dex-5}
 10443 | Lair:2   | Noticed a spriggan rider
 10994 | Lair:2   | Paralysed by a hornet for 1 turns
 11253 | Spider:1 | Entered Level 1 of the Spider Nest
 11253 | Spider:1 | Noticed an emperor scorpion
 11266 | Spider:1 | Noticed a wolf spider
 11270 | Spider:1 | Mangled by an emperor scorpion

Illustrated notes

Levels and vault maps discovered:
D:1:      lemuel_arrival_muddy, layout_loops_ring
D:2:      layout_loops_ring, minivault_25
D:3:      layout_loops_cross, nicolae_dithmenos_the_darkroom,
          mainiacjoe_overflow_cross_hatched, serial_shops, shop
D:4:      layout_loops_ring, mainiacjoe_overflow_surrounded_room,
          mainiacjoe_overflow_small_starburst, okawaru_gym_becter, serial_shops,
          shop, nrook_mini_backslash, nicolae_stop_n_shop_2
D:5:      layout_rooms, grunt_ministairs_14, uniq_prince_ribbit1
D:6:      layout_cave_pools, worldfamousw_hep_ancestral_shrine,
          nicolae_vehumet_altar_sigil, gammafunk_temple_overflow_claw,
          minmay_temple_entry_sparse_star, roderic_serpentine_path,
          dk_rats_in_the_wall, uniq_blork_the_orc
D:7:      layout_layer_cave, nicolae_overflow_hidden_temple, xom_butterflies,
          uniq_maggie
D:8:      layout_basic, david_lair_shrubbed, serial_shops,
          nicolae_shop_tiny_waterfront, uniq_maurice
Temple:   jpeg_temple_island
Lair:1:   layout_cave_pods, grunt_megastairs_3
Lair:2:   layout_gridlike, nicolae_spider_entry_non_spiders,
          ebering_ghost_funeral_grove, lemuel_fruit_fields, serial_bayou_shore_b
Spider:1: layout_spider_delve, nicolae_spider_solar_radiation

Skill      XL: |  1  2  3  4  5  6  7  8  9 10 11 |
---------------+----------------------------------+-----
Fire Magic     | 3 4 5 7 |  7.5
Dodging        | 2 3 4 |  4.0
Stealth        | 2 3 4 |  4.8
Ice Magic      | 1 2 3 |  3.2
Spellcasting   | 3 4 5 6 8 |  8.6
Conjurations   | 3 4 5 6 7 |  7.1
Evocations     | 2 3 |  3.6
Short Blades   | 1 2 |  2.5
Fighting       | 1 2 |  2.4
Translocations | 5 6 |  6.2
Long Blades    | |  0.3

Action                     |  1- 3 |  4- 6 |  7- 9 | 10-12 || total
---------------------------+-------+-------+-------+-------++-------
  Melee: Unarmed           |    35 |       |       |       ||    35
         Dagger            |     3 |    22 |    55 |    64 ||   144
         Tailslap          |       |       |    21 |    13 ||    34
         Long sword        |       |       |    31 |     2 ||    33
         Touch             |       |       |     6 |    13 ||    19
         Punch             |       |       |     1 |       ||     1
         Trident           |       |       |       |     1 ||     1
   Cast: Foxfire           |    53 |    14 |    43 |    30 ||   140
         Scorch            |    11 |    14 |    19 |    29 ||    73
         Flame Wave        |       |     2 |    12 |     7 ||    21
         Hailstorm         |       |     2 |    19 |    15 ||    36
         Iskenderun's Myst |       |       |     7 |    22 ||    29
  Evoke: Wand              |       |       |     2 |     4 ||     6
    Use: Potion            |     3 |       |     2 |     5 ||    10
         Scroll            |     7 |       |    14 |     5 ||    26
   Stab: Paralysed         |     4 |       |     7 |     3 ||    14
         Sleeping          |       |     1 |     2 |     2 ||     5
 Armour: Robe              |     8 |     4 |    19 |    21 ||    52
         Skin              |       |       |     2 |       ||     2
  Dodge: Dodged            |    42 |    16 |    61 |    55 ||   174
